[Event "Titled Tuesday Blitz June 28 Early 2022"]
[White "Schmakel, Sam"]
[Black "Fecker, Noah"]
[WhiteFideId "2039311"]
[BlackFideId "1334263"]
[WhiteElo "2356"]
[BlackElo "2312"]
[Result "0-1"]
[Round "05"]
[TimeControl "180+1"]
[Date "2022.06.28"]
[WhiteClock "0:00:03"]
[BlackClock "0:00:13"]

1. c4 Nf6 2. d3 g6 3. g3 Bg7 4. Bg2 O-O 5. Nc3 e5 6. e4 d6 7. Nge2 Nc6 8. O-O a6 9. h3 Rb8 10. a4 h6 11. Rb1 a5 12. Be3 Nd7 13. Qd2 Kh7 14. f4 exf4 15. gxf4 Qh4 16. Nd5 Nc5 17. Bf2 Qd8 18. f5 gxf5 19. exf5 Nb3 20. Qd1 Nbd4 21. f6 Nxe2+ 22. Qxe2 Bxf6 23. Bb6 Be5 24. Bxc7 Qg5 25. Bxb8 Bxh3 26. Rf3 Nd4 27. Qe4+ f5 28. Rxh3 fxe4 29. Kh1 Rxb8 30. Bxe4+ Kh8 31. Rg1 Qd2 32. Ne7 Bg7 33. Ng6+ Kg8 34. Bd5+ Kh7 35. Be4 Re8 36. Ne5+ Kg8 37. Bd5+ Kh7 38. Be4+ Kh8 39. Nf7+ Kg8 40. Nxh6+ Kf8 41. Rf1+ Ke7 42. Rf7+ Kd8 43. Rxg7 Ne2 44. Nf7+ Kc8 45. Nxd6+ Kb8 46. Rxb7+ Ka8 47. Re7+ Kb8 48. Rxe8+ Kc7 49. Nb5+ Kd7 50. Rg8 Qe1+ 51. Kh2 Qf2+ 52. Rg2 Qf4+ 53. Rgg3 Qf2+ 54. Bg2 Qg1# 0-1


[Site "https://www.chess.com"]

[Event "Titled Tuesday Blitz June 28 Early 2022"]
[White "Seo, Jung Min"]
[Black "Arias, Juan Cruz"]
[WhiteFideId "1734687"]
[BlackFideId "118540"]
[WhiteElo "2414"]
[BlackElo "2091"]
[Result "1-0"]
[Round "05"]
[TimeControl "180+1"]
[Date "2022.06.28"]
[WhiteClock "0:01:37"]
[BlackClock "0:00:10"]

1. e4 e6 2. d4 d5 3. Nc3 Nf6 4. e5 Nfd7 5. Nce2 c5 6. c3 Nc6 7. f4 cxd4 8. cxd4 a5 9. g3 a4 10. Nf3 a3 11. b3 f5 12. Nc3 Bb4 13. Bd2 Qb6 14. Na4 Rxa4 15. bxa4 Nxd4 16. Nxd4 Qxd4 17. Bxb4 Qxb4+ 18. Kf2 Nc5 19. Bb5+ Kf7 20. Kg2 b6 21. Qh5+ g6 22. Qh4 Ne4 23. Rhc1 Qd2+ 24. Kh1 Bd7 25. Rc7 Nf2+ 26. Kg1 Nh3+ 27. Qxh3 Qd4+ 28. Kg2 Qe4+ 29. Kf2 Qd4+ 30. Ke2 Qe4+ 31. Kd2 Qb4+ 32. Kc2 Qb2+ 33. Kd3 Qxa1 34. Rxd7+ Kg8 35. Qg2 Qb1+ 36. Qc2 Qf1+ 37. Kc3 Qa1+ 38. Kb3 1-0


[Site "https://www.chess.com"]

[Event "Titled Tuesday Blitz June 28 Early 2022"]
[White "Sevian, Samuel"]
[Black "Rychagov, Andrey"]
[WhiteFideId "2040506"]
[BlackFideId "4119932"]
[WhiteElo "2692"]
[BlackElo "2460"]
[Result "0-1"]
[Round "05"]
[TimeControl "180+1"]
[Date "2022.06.28"]
[WhiteClock "0:00:15"]
[BlackClock "0:00:32"]

1. d4 d5 2. c4 e6 3. Nc3 Be7 4. e3 Nf6 5. f4 O-O 6. Nf3 b6 7. Qc2 Bb7 8. cxd5 exd5 9. Bd3 c5 10. O-O Nc6 11. Ne5 Nb4 12. Qd1 cxd4 13. exd4 Nxd3 14. Qxd3 Ne4 15. Bd2 f6 16. Ng4 Qd7 17. Ne3 f5 18. Rae1 Bf6 19. Rf3 Rfe8 20. Rd1 Rac8 21. Be1 Nxc3 22. Bxc3 Re4 23. Nf1 Qa4 24. Ng3 g6 25. Qd2 Qxa2 26. Nxe4 dxe4 27. Re3 Bd5 28. Kh1 a5 29. g4 fxg4 30. Rg1 Be6 31. h3 gxh3 32. Qe2 Qd5 33. Qa6 Rc6 34. Qa8+ Kg7 35. Qb7+ Kh6 36. Rgg3 Rxc3 37. Rxh3+ Bxh3 38. Qxd5 Rxe3 39. Qf7 Bh4 40. Kh2 Bg4 41. Qf8+ Kh5 42. Qf7 h6 43. d5 Re2+ 44. Kh1 Bf3+ 45. Kg1 Bg3 0-1


[Site "https://www.chess.com"]

[Event "Titled Tuesday Blitz June 28 Early 2022"]
[White "Shimanov, Aleksandr"]
[Black "Chen, Qi b"]
[WhiteFideId "4198603"]
[BlackFideId "8614733"]
[WhiteElo "2605"]
[BlackElo "2432"]
[Result "1-0"]
[Round "05"]
[TimeControl "180+1"]
[Date "2022.06.28"]
[WhiteClock "0:00:10"]
[BlackClock "0:00:05"]

1. e4 c5 2. Nf3 Nc6 3. Nc3 g6 4. d4 cxd4 5. Nxd4 Bg7 6. Nxc6 bxc6 7. Bc4 d6 8. O-O e6 9. Bf4 d5 10. exd5 exd5 11. Nxd5 cxd5 12. Qxd5 Be6 13. Qc6+ Kf8 14. Bxe6 fxe6 15. Rad1 Qc8 16. Bd6+ Kf7 17. Qf3+ Nf6 18. Be5 Rf8 19. Rd6 Kg8 20. Qh3 Re8 21. c3 Ne4 22. Rd4 Bxe5 23. Rxe4 Bg7 24. Rfe1 e5 25. Qe3 a5 26. h4 Rb8 27. Re2 Qd8 28. g3 a4 29. Kg2 Qb6 30. Qxb6 Rxb6 31. Rxa4 Reb8 32. b3 Rc6 33. c4 Kf7 34. Ra7+ Kf6 35. Re3 Rg8 36. Rf3+ Ke6 37. Rff7 Bf6 38. Rxh7 Rd8 39. Rh6 Kf5 40. h5 gxh5 41. Rxh5+ Kg6 42. Rh1 Rd2 43. Re1 Kf5 44. Kf3 Rcd6 45. g4+ Kg5 46. Re3 Rb2 47. Kg3 Rdd2 48. Rf3 e4 49. Rf5+ Kg6 50. Ra6 1-0


[Site "https://www.chess.com"]

[Event "Titled Tuesday Blitz June 28 Early 2022"]
[White "Shuvalov, Evgenij"]
[Black "Barp, Alberto"]
[WhiteFideId "4187237"]
[BlackFideId "872555"]
[WhiteElo "2023"]
[BlackElo "2229"]
[Result "0-1"]
[Round "05"]
[TimeControl "180+1"]
[Date "2022.06.28"]
[WhiteClock "0:00:34"]
[BlackClock "0:01:06"]

1. Nf3 f5 2. e4 fxe4 3. Ng5 Nf6 4. d3 Nc6 5. Nc3 e6 6. dxe4 Bc5 7. Bd3 O-O 8. O-O h6 9. Nf3 d6 10. Na4 Bb6 11. Nxb6 axb6 12. e5 dxe5 13. Qe2 Nd4 14. Qxe5 Nxf3+ 15. gxf3 Qe7 16. Kh1 Nd7 17. Qe4 Rf5 18. Rg1 Nc5 19. Qd4 Nxd3 20. Bxh6 Qf6 21. Rxg7+ Kh8 22. Qxd3 Qxh6 23. Rxc7 Qf4 24. Qc3+ e5 25. Rxc8+ Rxc8 26. Qxc8+ Kh7 27. Qd7+ Kh6 28. Qxb7 Rh5 29. Qc6+ Kh7 30. Qd7+ Kh6 31. Qe8 Qxh2# 0-1


[Site "https://www.chess.com"]

[Event "Titled Tuesday Blitz June 28 Early 2022"]
[White "Simonovic, Miroslav"]
[Black "Dudzinski, Pawel"]
[WhiteFideId "919152"]
[BlackFideId "1117890"]
[WhiteElo "2043"]
[BlackElo "2011"]
[Result "0-1"]
[Round "05"]
[TimeControl "180+1"]
[Date "2022.06.28"]
[WhiteClock "0:00:01"]
[BlackClock "0:00:10"]

1. d4 f5 2. Bg5 g6 3. h4 Bg7 4. e3 d6 5. Bc4 d5 6. Bd3 c5 7. c3 c4 8. Bc2 Qb6 9. b3 Nc6 10. Nd2 e5 11. bxc4 h6 12. cxd5 hxg5 13. dxc6 Qxc6 14. Ba4 b5 15. d5 Qxd5 16. c4 Qxg2 17. Bxb5+ Ke7 18. Qf3 Qxf3 19. Ngxf3 Bb7 20. Rg1 g4 21. Ng5 Rxh4 22. O-O-O Bh6 23. f4 gxf3 24. Ndxf3 Bxf3 25. Nxf3 Bxe3+ 26. Kc2 Bxg1 27. Nxh4 Bd4 28. Nxg6+ Kf6 29. Nh4 Ne7 30. Rg1 Rh8 31. Rh1 Bf2 32. Rh2 Bxh4 33. c5 Ng6 34. c6 Rc8 35. Rd2 Rc7 36. Rd8 Ne7 37. Rd7 Rc8 38. c7 e4 39. Ba6 Rf8 0-1


[Site "https://www.chess.com"]

[Event "Titled Tuesday Blitz June 28 Early 2022"]
[White "Sirosh, Ilja"]
[Black "Ocelak, Jakub"]
[WhiteFideId "4500458"]
[BlackFideId "23707933"]
[WhiteElo "2241"]
[BlackElo "2048"]
[Result "1/2-1/2"]
[Round "05"]
[TimeControl "180+1"]
[Date "2022.06.28"]
[WhiteClock "0:00:06"]
[BlackClock "0:00:05"]

1. e4 c5 2. Nf3 e6 3. d4 cxd4 4. Nxd4 Nf6 5. Nc3 Nc6 6. Nxc6 bxc6 7. e5 Nd5 8. Ne4 Qc7 9. f4 Qb6 10. c4 Bb4+ 11. Ke2 f5 12. exf6 Nxf6 13. Nd6+ Bxd6 14. Qxd6 Bb7 15. c5 Qb4 16. a3 Ba6+ 17. Kd1 Qb3+ 18. Ke1 Bxf1 19. Rxf1 Qd5 20. Qxd5 cxd5 21. Be3 a5 22. Bd4 Kf7 23. Rf3 Rhb8 24. b3 Ne4 25. Rb1 Rb5 26. f5 Rab8 27. fxe6+ Kxe6 28. Kd1 Nxc5 29. Bxc5 Rxc5 30. Kd2 Rbc8 31. Rb2 d4 32. b4 axb4 33. axb4 Rc3 34. b5 Rxf3 35. gxf3 Kd5 36. b6 Rb8 37. Kd3 Kc6 38. Kxd4 Rxb6 39. Rg2 g6 40. Ke5 Rb5+ 41. Kf6 Rf5+ 42. Kg7 Rh5 43. f4 d5 44. Rc2+ Kd6 45. Kf6 d4 46. Rd2 Kd5 47. Re2 d3 48. Re8 Kd4 49. Ke6 Rxh2 50. Rd8+ Kc3 51. Rc8+ Kd2 52. f5 gxf5 53. Kxf5 Kd1 54. Kf4 Re2 55. Kf3 Re7 56. Kf2 d2 57. Rc6 h5 58. Rc4 Re5 59. Kf1 Rf5+ 60. Kg2 Ke2 61. Re4+ Kd3 62. Rh4 d1=Q 63. Rh3+ Kd4 64. Rg3 Qe2+ 65. Kh3 Qg4+ 66. Kh2 Qxg3+ 67. Kh1 Ke4 1/2-1/2


[Site "https://www.chess.com"]

[Event "Titled Tuesday Blitz June 28 Early 2022"]
[White "So, Wesley"]
[Black "Sadhwani, Raunak"]
[WhiteFideId "5202213"]
[BlackFideId "35093487"]
[WhiteElo "2742"]
[BlackElo "2616"]
[Result "1/2-1/2"]
[Round "05"]
[TimeControl "180+1"]
[Date "2022.06.28"]
[WhiteClock "0:00:12"]
[BlackClock "0:00:10"]

1. e4 e5 2. Nf3 Nc6 3. Bc4 Nf6 4. d3 Bc5 5. c3 d6 6. O-O a5 7. Re1 O-O 8. h3 h6 9. Nbd2 Be6 10. Bb5 Qb8 11. Nf1 Qa7 12. d4 exd4 13. Bxc6 bxc6 14. cxd4 Bb6 15. Ng3 a4 16. Be3 d5 17. e5 Ne4 18. Qc1 Nxg3 19. fxg3 Bf5 20. Qxc6 Be4 21. Rad1 Rae8 22. Kh2 Re6 23. Qc1 f6 24. exf6 Rexf6 25. Ne5 Re6 26. Bf4 Rfe8 27. Rxe4 dxe4 28. Qc4 Kh7 29. Qc2 Qa8 30. Re1 Qd5 31. Rxe4 Kg8 32. Re2 Bxd4 33. Rd2 Rxe5 34. Bxe5 Rxe5 35. Qxc7 Bg1+ 36. Kh1 Qxd2 37. Qxe5 Bd4 38. Qd5+ Kh7 39. Qf5+ g6 40. Qd7+ Kg8 41. Qe8+ Kh7 42. Qd7+ Kg8 43. Qe8+ Kh7 44. Qd7+ 1/2-1/2


[Site "https://www.chess.com"]

[Event "Titled Tuesday Blitz June 28 Early 2022"]
[White "Soham Kamotra"]
[Black "Xu, Yi"]
[WhiteFideId "46647490"]
[BlackFideId "8605564"]
[WhiteElo "2082"]
[BlackElo "2471"]
[Result "1-0"]
[Round "05"]
[TimeControl "180+1"]
[Date "2022.06.28"]
[WhiteClock "0:01:13"]
[BlackClock "0:00:35"]

1. e4 c5 2. Nf3 d6 3. d4 cxd4 4. Nxd4 Nf6 5. f3 e6 6. c4 a6 7. Nc3 b6 8. Be3 Bb7 9. Be2 Nbd7 10. O-O Be7 11. Rc1 Qc7 12. Qd2 O-O 13. Rfd1 Rac8 14. Kh1 Qb8 15. g4 Bd8 16. g5 Ne8 17. Rg1 Bc7 18. h4 Qa8 19. h5 e5 20. Nf5 Bd8 21. g6 fxg6 22. hxg6 Rxf5 23. gxh7+ Kh8 24. exf5 Bxf3+ 25. Kh2 Ndf6 26. Nd5 Bxe2 27. Qxe2 Nxd5 28. cxd5 Rxc1 29. Rxc1 Nf6 30. Rc6 Be7 31. Qc4 Kxh7 32. Rc8 Qxd5 33. Qh4+ 1-0


[Site "https://www.chess.com"]

[Event "Titled Tuesday Blitz June 28 Early 2022"]
[White "Sokolovsky, Yahli"]
[Black "Dushyant Sharma"]
[WhiteFideId "2820242"]
[BlackFideId "25065130"]
[WhiteElo "1770"]
[BlackElo "2105"]
[Result "1-0"]
[Round "05"]
[TimeControl "180+1"]
[Date "2022.06.28"]
[WhiteClock "0:00:07"]
[BlackClock "0:00:02"]

1. b3 d5 2. Bb2 e6 3. e3 f5 4. Nf3 Nf6 5. d4 Be7 6. Bd3 O-O 7. O-O c5 8. c4 Nc6 9. dxc5 Bxc5 10. Nc3 d4 11. Na4 Be7 12. Nxd4 Bd7 13. Nc3 Nxd4 14. exd4 Bc6 15. Be2 Rc8 16. Bf3 Bxf3 17. Qxf3 Qxd4 18. Nd5 Qc5 19. Bd4 Qd6 20. Nxf6+ Bxf6 21. Bxf6 Rxf6 22. Qxb7 Rcf8 23. Qxa7 Rh6 24. f4 e5 25. Rad1 Qf6 26. Qe3 exf4 27. Qxf4 Qb6+ 28. Qd4 Qc7 29. g3 Rg6 30. Qd5+ Kh8 31. Rxf5 Re8 32. Rdf1 Qe7 33. Qe5 Qa7+ 34. Qc5 Qxc5+ 35. Rxc5 h6 36. Rcf5 Re2 37. R5f2 Re3 38. Rc2 h5 39. Kf2 Re5 40. Re2 Ra5 41. h4 Rf5+ 42. Kg2 Ra5 43. Rfe1 Kh7 44. Rd1 Rg4 45. Rd5 Ra8 46. Rxh5+ Kg8 47. Rg5 Rd4 48. Re7 Rxa2+ 49. Kh3 Rd1 50. Rgxg7+ Kh8 51. Rh7+ Kg8 52. Reg7+ Kf8 53. Rb7 Kg8 54. Rhd7 Rh2+ 55. Kxh2 1-0


[Site "https://www.chess.com"]

[Event "Titled Tuesday Blitz June 28 Early 2022"]
[White "Starozhilov, Leonid"]
[Black "Snehal, Bhosale"]
[WhiteFideId "14106752"]
[BlackFideId "5021995"]
[WhiteElo "2414"]
[BlackElo "2103"]
[Result "1-0"]
[Round "05"]
[TimeControl "180+1"]
[Date "2022.06.28"]
[WhiteClock "0:00:12"]
[BlackClock "0:00:14"]

1. e4 e5 2. Nf3 Nc6 3. Bb5 a6 4. Ba4 Nf6 5. d3 b5 6. Bb3 Bc5 7. Be3 d6 8. Nc3 Bg4 9. h3 Bh5 10. a4 Rb8 11. axb5 axb5 12. g4 Bg6 13. Nd5 Nd4 14. Bxd4 Bxd4 15. Nxd4 exd4 16. f4 Nxd5 17. Bxd5 Qh4+ 18. Kf1 h5 19. Qe1 hxg4 20. Qxh4 Rxh4 21. Kg2 gxh3+ 22. Rxh3 Rxh3 23. Kxh3 Kd7 24. f5 Bh5 25. Kh4 Rh8 26. Kg5 f6+ 27. Kf4 g5+ 28. Kg3 Rf8 29. Ra5 Bf7 30. Bxf7 Rxf7 31. Rxb5 Rh7 32. Rb4 Rh1 33. Rxd4 Rb1 34. b3 Kc6 35. Rc4+ Kb6 36. Kg4 Rg1+ 37. Kh5 g4 38. Kh4 Rg2 39. c3 c6 40. b4 Kb5 41. Rd4 c5 42. Rxd6 cxb4 43. cxb4 Kxb4 44. Rxf6 Rd2 45. Rd6 Rg2 46. f6 Kc5 47. Rd5+ Kc6 48. f7 1-0


[Site "https://www.chess.com"]

[Event "Titled Tuesday Blitz June 28 Early 2022"]
[White "Steinberg, Nitzan"]
[Black "Nakamura, Hikaru"]
[WhiteFideId "2801795"]
[BlackFideId "2016192"]
[WhiteElo "2471"]
[BlackElo "2850"]
[Result "1/2-1/2"]
[Round "05"]
[TimeControl "180+1"]
[Date "2022.06.28"]
[WhiteClock "0:01:15"]
[BlackClock "0:01:04"]

1. e4 g6 2. Nf3 Bg7 3. d4 a6 4. Nc3 b5 5. Be3 Bb7 6. Bd3 d6 7. a4 b4 8. Nb1 Nf6 9. Nbd2 Nbd7 10. c3 bxc3 11. bxc3 c5 12. a5 O-O 13. h3 Qc7 14. O-O e6 15. Qe2 Bc6 16. Bf4 e5 17. Bh2 Nh5 18. Bxa6 cxd4 19. cxd4 exd4 20. Rac1 Rfe8 21. Nb3 Qb8 22. Rxc6 Qxb3 23. Bc4 d3 24. Bxd3 Rxa5 25. Bxd6 Ne5 26. Nxe5 Bxe5 27. Rb1 Qe6 28. Bc4 Qd7 29. Rc7 Qxd6 30. Rxf7 Kh8 31. Qf3 Ra1 32. Rxa1 Bxa1 33. Bd5 Nf6 34. Rb7 Be5 35. g3 Rb8 36. Qb3 Rxb7 37. Qxb7 Nxd5 38. exd5 Qc7 39. Qa8+ Kg7 40. Kg2 Bd6 41. Qe8 Qe7 42. Qxe7+ Bxe7 43. Kf3 Bc5 44. Ke2 Kf6 45. f4 Bb4 46. Kf3 Be1 47. g4 Ke7 48. Ke4 Bc3 49. h4 Kd6 50. h5 gxh5 51. gxh5 Bb2 52. Kf5 Kxd5 53. h6 Kd4 54. Kg4 Ke4 55. f5 Bf6 56. Kh3 Kf3 57. Kh2 Kg4 58. Kh1 Kh5 59. Kg1 Kh4 60. Kh1 Kh3 61. Kg1 Kg3 62. Kh1 Bd4 63. f6 Bc5 64. f7 Bf8 65. Kg1 Kg4 66. Kh1 Kf5 67. Kg1 Kg6 68. Kh1 Kf6 69. Kg1 Ke6 70. Kh1 Kf5 71. Kg1 Kg6 72. Kh1 Kg5 73. Kg1 Kg4 74. Kh1 Kh4 75. Kg1 Kh3 76. Kh1 Kg3 77. Kg1 Kf3 78. Kh1 Ke3 79. Kg1 Kd3 80. Kh1 Kc4 81. Kg2 Kb4 82. Kf3 Kc5 83. Kg2 Kd6 84. Kh1 Kc6 85. Kg1 Kb7 86. Kh1 Ka7 87. Kg1 Ka8 88. Kh1 Kb8 89. Kg1 Kc8 90. Kh1 Kd8 91. Kg1 Ke7 92. Kh1 Kf6 93. Kg1 Kxf7 94. Kh1 Kf6 95. Kg1 Kf5 96. Kg2 Kf4 97. Kh1 Kg4 98. Kg2 Kh5 99. Kh2 Kg6 100. Kg2 Kf7 101. Kh2 Ke6 102. Kg2 Kd6 103. Kh2 Kc6 104. Kg2 Kb6 105. Kh2 Ka6 106. Kg2 Ka7 107. Kh2 Kb7 108. Kg2 Kb8 109. Kh2 Kc8 110. Kg2 Kd8 111. Kh2 Ke8 112. Kg2 Bc5 113. Kh2 Kf7 114. Kg2 Ke6 115. Kf3 Kf5 116. Kg2 Kg4 117. Kh2 Kf3 118. Kh1 Kf2 119. Kh2 Bd6+ 120. Kh1 Bf8 121. Kh2 Be7 122. Kh1 Bd8 123. Kh2 Ba5 124. Kh1 Bd2 125. Kh2 Kf3 126. Kh1 Kg4 127. Kh2 Kh4 128. Kh1 Kh5 129. Kh2 Kg6 130. Kh1 Kf7 131. Kh2 Ke6 132. Kh1 Kd7 133. Kh2 Kc6 134. Kh1 Kc5 135. Kg2 Kb5 136. Kh1 Kb6 137. Kg2 Kb7 138. Kh1 Kc8 139. Kg2 Kd8 140. Kh1 Ke8 141. Kg2 Kf8 142. Kh1 Bxh6 143. Kg2 Kf7 144. Kh1 Bf8 145. Kg2 Ke7 146. Kh1 Ke6 147. Kg2 Kd6 148. Kh1 Kc6 149. Kg2 Kb6 150. Kh1 Ka6 151. Kg2 Ka7 152. Kh1 Kb7 153. Kg2 Kb8 154. Kh1 Ka8 155. Kg2 Ka7 156. Kh1 Kb7 157. Kg2 Kc7 158. Kh1 Kc8 159. Kg2 Kd8 160. Kh1 Kd7 161. Kg2 Ke7 162. Kh1 Ke8 163. Kg2 Ke7 1/2-1/2


[Site "https://www.chess.com"]

[Event "Titled Tuesday Blitz June 28 Early 2022"]
[White "Tan, Jun Ying"]
[Black "Torres Cueto, Jesus Marcial"]
[WhiteFideId "5710413"]
[BlackFideId "4415280"]
[WhiteElo "1827"]
[BlackElo "2055"]
[Result "0-1"]
[Round "05"]
[TimeControl "180+1"]
[Date "2022.06.28"]
[WhiteClock "0:00:04"]
[BlackClock "0:00:50"]

1. d4 Nf6 2. c4 e6 3. Nc3 Bb4 4. e3 O-O 5. Ne2 d5 6. a3 Be7 7. cxd5 exd5 8. Nf4 c6 9. Bd3 Nbd7 10. O-O Ne8 11. f3 Nd6 12. e4 dxe4 13. fxe4 Bg5 14. e5 Ne8 15. Ne4 Bh6 16. Nh5 Bxc1 17. Rxc1 c5 18. Nxc5 Nxc5 19. dxc5 Qd4+ 20. Kh1 Qxe5 21. Re1 Qg5 22. Ng3 Bg4 23. Qc2 Nf6 24. Ne4 Nxe4 25. Bxe4 h6 26. Bxb7 Rad8 27. Be4 Rd2 28. Qc3 Bf5 29. Bf3 Rd3 30. Qe5 f6 31. Qe2 Rd2 32. Qc4+ Kh8 33. b4 Rfd8 34. c6 R8d4 35. Qf7 Rh4 36. Re8+ Kh7 37. Qg8+ Kg6 38. h3 Bxh3 39. Be4+ Bf5+ 40. Kg1 Qe3+ 41. Kf1 Qf2# 0-1


[Site "https://www.chess.com"]

[Event "Titled Tuesday Blitz June 28 Early 2022"]
[White "Tatarinov, Dmitry"]
[Black "Przybylski, Wojciech"]
[WhiteFideId "24160067"]
[BlackFideId "1117599"]
[WhiteElo "2302"]
[BlackElo "2133"]
[Result "1-0"]
[Round "05"]
[TimeControl "180+1"]
[Date "2022.06.28"]
[WhiteClock "0:01:14"]
[BlackClock "0:00:01"]

1. e4 e5 2. Nf3 Nf6 3. Nc3 Bb4 4. Nxe5 O-O 5. Nf3 Bxc3 6. dxc3 Nxe4 7. Bd3 d5 8. O-O Nc5 9. Bf4 Nxd3 10. cxd3 Nd7 11. Re1 h6 12. h3 Nf6 13. Qd2 c5 14. d4 Ne4 15. Qe3 c4 16. Ne5 f6 17. Ng6 Re8 18. f3 Nd6 19. Ne7+ Kf7 20. Nxc8 Rxc8 21. Qf2 Nf5 22. g4 Ne7 23. Qh4 Ng6 24. Qh5 Qd7 25. Bg3 Rxe1+ 26. Rxe1 Re8 27. Rxe8 Qxe8 28. Qxd5+ Qe6 29. Qxb7+ Kg8 30. Qa8+ Nf8 31. Qe4 Qa6 32. a3 Qb5 33. Qe2 Kf7 34. Kg2 Ne6 35. b4 g5 36. a4 Qxa4 37. Qxc4 Qc2+ 38. Kg1 Qd1+ 39. Qf1 Qd2 40. Qe1 Qd3 41. Qe4 Qd1+ 42. Kf2 Qd2+ 43. Qe2 Qxc3 44. d5 Qd4+ 45. Qe3 Qxd5 46. Qxa7+ Kg6 47. Qe3 Nd4 48. Qe4+ Qxe4 49. fxe4 Kf7 50. Bd6 Ke6 51. Bf8 Ke5 52. Ke3 Nc2+ 53. Kd3 Ne1+ 54. Kc4 Kxe4 55. b5 Nd3 56. b6 Ne5+ 57. Kb5 Nd7 58. b7 Kd5 59. Bxh6 Nb8 60. Bg7 Nd7 61. Bxf6 1-0


[Site "https://www.chess.com"]

[Event "Titled Tuesday Blitz June 28 Early 2022"]
[White "Terrieux, Kevin"]
[Black "Daneshvar, Bardiya"]
[WhiteFideId "622591"]
[BlackFideId "12576468"]
[WhiteElo "2482"]
[BlackElo "2303"]
[Result "0-1"]
[Round "05"]
[TimeControl "180+1"]
[Date "2022.06.28"]
[WhiteClock "0:00:03"]
[BlackClock "0:00:24"]

1. d4 g6 2. e4 Bg7 3. Be3 d5 4. e5 Nh6 5. Nf3 Bg4 6. h3 Bxf3 7. Qxf3 Nf5 8. Nc3 e6 9. O-O-O a6 10. Bf4 c5 11. dxc5 Nd7 12. g4 Ne7 13. Bg5 h6 14. Bf4 Qc7 15. h4 Qxc5 16. Qg3 Rc8 17. Be3 Qb4 18. f4 h5 19. Be2 Rxc3 20. bxc3 Qxc3 21. Qf2 Nc6 22. Bd4 Nxd4 23. Qxd4 Qxd4 24. Rxd4 hxg4 25. Bxg4 Ke7 26. h5 b5 27. a4 g5 28. axb5 axb5 29. fxg5 Bxe5 30. Rb4 Bd6 31. Rxb5 Bf4+ 32. Kb1 Bxg5 33. Rb7 Kd6 34. Be2 f6 35. Rd1 Nc5 36. Rb6+ Kc7 37. Rb4 Ne4 38. Rd3 f5 39. Ra4 Rb8+ 40. Ka2 Bf6 41. Ra7+ Kd6 42. Rb3 Nc3+ 43. Rxc3 Bxc3 44. Ra6+ Ke5 45. Bd3 f4 46. Ra7 Kd4 47. Rf7 e5 48. h6 Ke3 49. h7 e4 50. Ba6 Ra8 51. Kb3 Rxa6 52. Kxc3 Rh6 53. Kb4 f3 54. Kc5 d4 55. Kc4 f2 56. Kd5 Rxh7 57. Rxh7 f1=Q 0-1


[Site "https://www.chess.com"]

[Event "Titled Tuesday Blitz June 28 Early 2022"]
[White "Terry, Renato"]
[Black "Fedoseev, Vladimir"]
[WhiteFideId "3803457"]
[BlackFideId "24130737"]
[WhiteElo "2577"]
[BlackElo "2726"]
[Result "0-1"]
[Round "05"]
[TimeControl "180+1"]
[Date "2022.06.28"]
[WhiteClock "0:00:04"]
[BlackClock "0:00:08"]

1. d4 d6 2. Nf3 g6 3. e4 Bg7 4. c3 a6 5. Bc4 Nf6 6. Nbd2 O-O 7. a4 Nc6 8. O-O e5 9. dxe5 dxe5 10. Re1 Qe7 11. b3 Rd8 12. Qc2 Ne8 13. Ba3 Nd6 14. Bd5 Qf6 15. Nf1 Ne7 16. Ne3 Bh6 17. Rad1 Rb8 18. Nc4 Nxd5 19. Nxd6 cxd6 20. Rxd5 Be6 21. Rxd6 Rxd6 22. Bxd6 Bxb3 23. Qxb3 Qxd6 24. Rb1 b5 25. h3 Bg7 26. Rd1 Qc7 27. axb5 Rxb5 28. Qa2 Rb6 29. Qd5 Bf6 30. c4 Rc6 31. Ra1 Kg7 32. g4 Rc5 33. Qd3 Qc6 34. Nd2 Bg5 35. Nf3 Bf4 36. Re1 Rxc4 37. Qb1 a5 38. Kg2 a4 39. Qb2 Rxe4 40. Ra1 Rc4 41. Qe2 Rc3 42. Qd1 a3 43. h4 h5 44. gxh5 gxh5 45. Ra2 Kf6 46. Ra1 Kf5 47. Qe2 Kg4 48. Rg1 Qxf3+ 49. Kf1+ Kf5 50. Qxf3 Rxf3 51. Ke2 Rb3 52. Rb1 Rb2+ 53. Rxb2 axb2 0-1


[Site "https://www.chess.com"]

[Event "Titled Tuesday Blitz June 28 Early 2022"]
[White "Thiel, Thomas"]
[Black "Estrada Nieto, Julian"]
[WhiteFideId "4615964"]
[BlackFideId "5101018"]
[WhiteElo "2258"]
[BlackElo "2252"]
[Result "0-1"]
[Round "05"]
[TimeControl "180+1"]
[Date "2022.06.28"]
[WhiteClock "0:00:51"]
[BlackClock "0:01:15"]

1. e4 e5 2. Nf3 Nc6 3. d4 exd4 4. Nxd4 Nf6 5. Nxc6 bxc6 6. e5 Qe7 7. Qe2 Nd5 8. h4 Qe6 9. g3 Bc5 10. Bh3 Qe7 11. O-O O-O 12. c4 Nb6 13. Nc3 d5 14. Bxc8 Raxc8 15. cxd5 cxd5 16. Bg5 Qe6 17. Kg2 Rfe8 18. Rae1 Bd4 19. Qd3 Bxc3 20. bxc3 Nc4 21. f4 Qg4 22. Qxd5 Nb6 23. Qf3 Qxf3+ 24. Kxf3 h6 25. Bxh6 gxh6 26. Rd1 Rcd8 27. Ke4 Nc4 28. Rd4 Nd2+ 0-1


[Site "https://www.chess.com"]

[Event "Titled Tuesday Blitz June 28 Early 2022"]
[White "Tifferet, Shaked"]
[Black "Ianov, Viktor"]
[WhiteFideId "2811529"]
[BlackFideId "14102730"]
[WhiteElo "2083"]
[BlackElo "2152"]
[Result "1-0"]
[Round "05"]
[TimeControl "180+1"]
[Date "2022.06.28"]
[WhiteClock "0:01:51"]
[BlackClock "0:02:16"]

1. e4 d6 2. d4 Nf6 3. Nc3 c6 4. Bd3 e5 5. Nge2 Be7 6. O-O O-O 7. f3 b5 8. Be3 Nbd7 9. Qd2 Bb7 10. a4 b4 11. Nd1 a5 12. c3 c5 13. Nf2 Qc7 14. Rfd1 Rfd8 15. Rac1 bxc3 16. bxc3 c4 17. Bc2 Rab8 18. Ng3 g6 19. Bh6 exd4 20. cxd4 d5 21. e5 Ne8 22. Ng4 Ng7 23. Bxg7 Kxg7 24. Qh6+ Kg8 25. Nh5 1-0


[Site "https://www.chess.com"]

[Event "Titled Tuesday Blitz June 28 Early 2022"]
[White "Timofeev, Artyom"]
[Black "Marjanovic, Annamaria"]
[WhiteFideId "4140419"]
[BlackFideId "750930"]
[WhiteElo "2578"]
[BlackElo "2156"]
[Result "1-0"]
[Round "05"]
[TimeControl "180+1"]
[Date "2022.06.28"]
[WhiteClock "0:00:27"]
[BlackClock "0:00:11"]

1. e4 c6 2. Nf3 d5 3. Nc3 g6 4. d4 Bg7 5. Be2 dxe4 6. Nxe4 Nf6 7. Nxf6+ Bxf6 8. Bh6 Bg4 9. c3 Nd7 10. O-O Qc7 11. h3 Bxf3 12. Bxf3 O-O-O 13. Qc1 e5 14. d5 cxd5 15. Bxd5 Nc5 16. c4 e4 17. Qe3 Be5 18. b4 Nd3 19. Qxa7 Bxa1 20. Rxa1 Qb8 21. Qa3 Rhe8 22. Be3 f5 23. Bb6 Rd6 24. Qa5 Kd7 25. Rd1 Qa8 26. Qb5+ Ke7 27. Bc5 Nxc5 28. bxc5 Rd7 29. a4 Qa6 30. Re1 Qxb5 31. axb5 Kf6 32. c6 bxc6 33. Bxc6 Rde7 34. Bxe8 Rxe8 35. c5 Rc8 36. c6 Ke6 37. Rd1 Rb8 38. c7 Rc8 39. b6 Ke7 40. b7 1-0


[Site "https://www.chess.com"]

[Event "Titled Tuesday Blitz June 28 Early 2022"]
[White "Valle Maytin, Luis Enrique"]
[Black "De La Colina, Nicolas"]
[WhiteFideId "3503666"]
[BlackFideId "30946921"]
[WhiteElo "2329"]
[BlackElo "2046"]
[Result "0-1"]
[Round "05"]
[TimeControl "180+1"]
[Date "2022.06.28"]
[WhiteClock "0:01:27"]
[BlackClock "0:02:05"]

1. e4 c5 2. Nf3 Nc6 3. d4 cxd4 4. Nxd4 Nf6 5. Nc3 d6 6. Bg5 Bd7 7. f4 h6 8. Bxf6 gxf6 9. Qd2 Rc8 10. O-O-O Nxd4 11. Qxd4 Qa5 12. Bc4 Qc5 13. Bb3 Qxd4 14. Rxd4 f5 15. e5 Bg7 16. Re1 Bc6 17. g3 dxe5 18. fxe5 e6 19. Bc4 a6 20. a4 Ke7 21. a5 Rhd8 22. Rxd8 Rxd8 23. b4 Rd4 24. b5 Rxc4 25. b6 Rxc3 0-1


[Site "https://www.chess.com"]

[Event "Titled Tuesday Blitz June 28 Early 2022"]
[White "Van Foreest, Jorden"]
[Black "Le, Quang Liem"]
[WhiteFideId "1039784"]
[BlackFideId "12401137"]
[WhiteElo "2609"]
[BlackElo "2657"]
[Result "1-0"]
[Round "05"]
[TimeControl "180+1"]
[Date "2022.06.28"]
[WhiteClock "0:00:17"]
[BlackClock "0:00:01"]

1. d4 Nf6 2. c4 g6 3. Nf3 Bg7 4. Nc3 O-O 5. e4 d6 6. Be2 e5 7. O-O Nc6 8. dxe5 dxe5 9. Bg5 Qxd1 10. Rfxd1 Be6 11. Nd5 Nxe4 12. Nxc7 Rac8 13. Nxe6 fxe6 14. Be3 Rfd8 15. Bd3 Nd6 16. Ng5 e4 17. Nxe4 Nxe4 18. Bxe4 Bxb2 19. Rab1 Rxd1+ 20. Rxd1 Rc7 21. Bxc6 bxc6 22. Bc5 Bf6 23. Kf1 Kf7 24. Rb1 Be7 25. Be3 e5 26. Ke2 e4 27. Rb8 c5 28. Bf4 Rd7 29. Be3 Ke6 30. Rb5 Rd3 31. Ra5 Rc3 32. Ra4 Rc2+ 33. Kd1 Rb2 34. Rxa7 Bd6 35. a3 Ra2 36. h3 h5 37. a4 Ra3 38. Kc2 Be5 39. Bxc5 Rc3+ 40. Kd2 Rxc4 41. Bb6 Kf5 42. a5 Ra4 43. Kc2 Ra2+ 44. Kb3 Rb2+ 45. Kc4 Rc2+ 46. Kb5 Rb2+ 47. Kc6 Rc2+ 48. Kd7 Rb2 49. Be3 Bf4 50. Bc5 Rc2 51. Bb6 Rb2 52. Ra8 Be5 53. Rf8+ Kg5 54. Be3+ Kh4 55. a6 Ra2 56. a7 g5 57. a8=Q 1-0


[Site "https://www.chess.com"]